 Dungeon Crawl Stone Soup version 0.30-a0-879-ga8ba668304 (webtiles) character file.

Game seed: 6422719039320720967

7883 BROtania the Warrior (level 11, -1/106 (114) HPs)
             Began as a Minotaur Berserker on Mar 12, 2023.
             Was an Elder of Trog.
             Slain by a vampire (8 damage)
             ... on level 9 of the Dungeon on Mar 13, 2023.
             The game lasted 01:00:57 (5006 turns).

BROtania the Warrior (Minotaur Berserker)           Turns: 5006, Time: 01:00:58

HP:   -1/106 (114)  AC: 23    Str: 26    XL:     11   Next: 2%
MP:   10/10         EV: 10    Int:  4    God:    Trog [****..]
Gold: 500           SH:  0    Dex: 13    Spells: 10/10 levels left

rFire   + . .      SeeInvis .    r - +2 quarterstaff (chaos)
rCold   + . .      Faith    .    (shield currently unavailable)
rNeg    . . .      Spirit   .    j - +2 chain mail {rF+}
rPois   +          Reflect  .    k - +1 hat
rElec   .          Rampage  .    v - +1 cloak {rPois}
rCorr   .                        s - +5 pair of gloves of the Orcish Mines {rC+ Str+3}
Will    ++...                    a - +0 pair of boots Stlth
                                 (no amulet)
HPRegen 1.37/turn                d - +4 ring of slaying
MPRegen 0.12/turn                (no ring)

@: strong-willed (expiring), on berserk cooldown, regenerating (expiring),
slowed, drained, very slow
A: horns 2, retaliatory headbutt, MP-powered wands
a: Renounce Religion, Berserk, Trog's Hand, Brothers in Arms


You were on level 9 of the Dungeon.
You worshipped Trog.
Trog was greatly pleased with you.
You visited 2 branches of the dungeon, and saw 10 of its levels.
You visited the Abyss 1 time.

You collected 500 gold pieces.

Inventory:

Hand Weapons
 c - a +2 vampiric dagger
 r - a +2 quarterstaff of chaos (weapon)
Missiles
 w - 7 poisoned darts
Armour
 a - a +0 pair of boots (worn)
 j - a +2 chain mail of fire resistance (worn)
 k - a +1 hat (worn)
 s - the +5 pair of gloves of the Orcish Mines (worn) {rC+ Str+3}
   (You found it on level 5 of the Dungeon)

   Str:       It affects your strength (+3).
   rC:        It protects you from cold.
 v - a +1 cloak of poison resistance (worn)
Jewellery
 b - a ring of poison resistance
 d - a +4 ring of slaying (left hand)
 A - a ring of protection from fire
Wands
 o - a wand of polymorph (18)
 x - a wand of paralysis (6)
Scrolls
 g - 8 scrolls of identify
 n - 2 scrolls of teleportation
 y - a scroll of magic mapping
Potions
 e - a potion of curing (quivered)
 f - 2 potions of might {unknown}
 i - a potion of mutation {unknown}
 m - 3 potions of heal wounds
 p - 4 potions of lignification
 q - a potion of attraction
 t - a potion of brilliance {unknown}
 u - 2 potions of haste {unknown}
 z - a potion of magic {unknown}


   Skills:
 + Level 16.1 Fighting
 + Level 9.6 Axes
 + Level 6.6 Staves
 + Level 7.8 Armour
 + Level 4.6 Dodging
 + Level 2.0 Stealth


You had 10 spell levels left.
You didn't know any spells.
Your spell library contained the following spells:

 Spells                   Type           Power      Damage    Failure   Level
 Apportation              Tloc           0%         N/A       96%         1
 Foxfire                  Conj/Fire      0%         2x1d4     96%         1
 Freeze                   Ice            0%         1d3       96%         1
 Frozen Ramparts          Ice            0%         1d1       100%        3
 Gell's Gravitas          Tloc           0%         N/A       100%        3
 Hailstorm                Conj/Ice       0%         3d3       100%        3
 Ignite Poison            Fire/Tmut/Pois 0%         N/A       100%        3
 Stone Arrow              Conj/Erth      0%         3d7       100%        3
 Teleport Other           Tloc           0%         N/A       100%        3
 Animate Armour           Summ/Erth      0%         N/A       100%        4
 Sticky Flame             Conj/Fire      0%         2d3       100%        4
 Alistair's Intoxication  Tmut/Pois      0%         N/A       100%        5
 Fireball                 Conj/Fire      0%         3d3       100%        5
 Dispersal                Tloc           0%         N/A       100%        6
 Starburst                Conj/Fire      0%         6d3       100%        6
 Ignition                 Fire           0%         3d3       100%        8
 Lehudib's Crystal Spear  Conj/Erth      0%         10d2      100%        8


Dungeon Overview and Level Annotations

Branches:
Dungeon (9/15)             Temple (1/1) D:7
   Lair: D:8-11         Orc: D:9-12

Altars:
Ashenzari
Cheibriados
Dithmenos
Elyvilon
Fedhas
Hepliaklqana
Kikubaaqudgha
Makhleb
Okawaru
Ru
Sif Muna
Uskayaw
Vehumet
Wu Jian
Xom
Yredelemnul
Zin
The Shining One

Shops:
D:2 =   D:7 [

Portals:
Abyss: D:3


Innate Abilities, Weirdness & Mutations

You have a pair of horns on your head.
You reflexively headbutt those who attack you in melee.
You expend magic power (3 MP) to strengthen your wands.


Message History

Your skin crawls.
You feel strong-willed. Something hits you.
* * * LOW HITPOINT WARNING * * *
Something bites you.
* * * LOW HITPOINT WARNING * * *
Something draws strength from your injuries!
A red film seems to cover your vision as you go berserk!
You feel yourself moving faster!
You feel mighty! Something hits you but does no damage.
Something bites you but does no damage.
You miss something. Your headbutt misses something. You sock something!
You burn something. Your headbutt misses something. Something hits you!
* * * LOW HITPOINT WARNING * * *
Something bites you!
* * * LOW HITPOINT WARNING * * *
Something draws strength from your injuries!
A kobold comes into view. It is wielding a +0 short sword.
The kobold shouts!
You hear a shout! x3
You feel a strong urge to attack something.
You feel your anger nearly subside.
You are no longer berserk.
You are exhausted.
You feel yourself slow down.
You feel better.
You feel the effects of Trog's Hand fading.
Something hits you.
* * * LOW HITPOINT WARNING * * *
Something bites you!
* * * LOW HITPOINT WARNING * * *
Something draws strength from your injuries!
The air fills with toxic fumes!
As you read the scroll of poison, it crumbles to dust.
Something hits you.
* * * LOW HITPOINT WARNING * * *
Something bites you.
* * * LOW HITPOINT WARNING * * *
Something draws strength from your injuries!
Something hits you but does no damage. Something bites you!
You die...

.. .....#.# .
###§§.#§##...
#.#.§§§.§§§..K.
#.#.#§§§#§####
#.....§§#K#
#.###.###§#§####.#
#.......#§§§§....#
#.##§§#§#§§.######
....§§§§§§§@§§#
#..#§#§###§§#§#
....#...#§§§§§.#
.#?
#####§#§§§§###.###
## #§#§§§§§..... #
#§§§####.### .
#§§§§....... .#
#§§§§.....<. .#
#...........


You could see a kobold.

Vanquished Creatures
  A lich (Abyss:1)
  Pikel (D:5)
  Joseph (D:8)
  A troll (D:7)
  Grinder (D:3)
  2 wraiths
  10 yaks (D:9)
  A neqoxec (Abyss:1)
  Edmund (D:4)
  2 water moccasins
  A sky beast (D:7)
  3 ice beasts
  3 orc warriors
  An ogre (D:5)
  The ghost of Tewichka the Digger, an amateur DgEE (D:3)
  A centaur (D:7)
  A lemure (D:5)
  2 kobold brigands
  A bullfrog (D:9)
  2 scorpions
  3 wights (D:9)
  2 small abominations
  9 killer bees
  4 howler monkeys (D:9)
  6 hounds
  A jelly (D:8)
  An orc priest (D:7)
  A gnoll bouda (D:5)
  Crazy Yiuf (D:5)
  5 iguanas
  A sleepcap (D:6)
  4 orc wizards
  14 gnolls
  3 adders
  2 shadow imps
  A white imp (D:7)
  An ufetubus (D:3)
  A worm (D:2)
  A dart slug (D:3)
  17 orcs
  3 bats
  5 endoplasms
  2 giant cockroaches (D:1)
  5 goblins
  10 hobgoblins
  16 kobolds
  A quokka (D:4)
  4 ball pythons
  3 frilled lizards
  3 rats
  A lurking horror (Abyss:1)
168 creatures vanquished.

Vanquished Creatures (others)
  A white imp (D:6)
  A bat (D:5)
2 creatures vanquished.

Grand Total: 170 creatures vanquished

Notes
Turn   | Place    | Note
-------+----------+-------------------------------------------
     0 | D:1      | BROtania the Minotaur Berserker began the quest for the
                  | Orb.
     0 | D:1      | Reached XP level 1. HP: 19/19 MP: 0/0
   115 | D:1      | Reached skill level 4 in Fighting
   153 | D:1      | Reached XP level 2. HP: 19/27 MP: 1/1
   376 | D:2      | Found Azxuzxai's Jewellery Emporium.
   552 | D:2      | Reached XP level 3. HP: 34/34 MP: 2/2
   578 | D:2      | You fall into a shaft and drop 1 floor!
   584 | D:3      | Noticed Grinder
   594 | D:3      | Killed Grinder
   594 | D:3      | Reached ** piety under Trog
   595 | D:3      | Reached skill level 5 in Fighting
   595 | D:3      | Reached skill level 5 in Axes
   595 | D:3      | Reached XP level 4. HP: 44/44 MP: 3/3
   595 | D:3      | Reached XP level 5. HP: 50/50 MP: 4/4
   609 | D:3      | Reached XP level 6. HP: 45/57 MP: 5/5
   722 | D:3      | Found a one-way gate to the infinite horrors of the Abyss.
   722 | D:3      | Noticed Tewichka's ghost (amateur DgEE)
   739 | D:3      | Found a transporter.
   746 | D:3      | Found a transporter.
   781 | D:3      | Reached skill level 6 in Fighting
   806 | D:3      | Killed Tewichka's ghost
   843 | D:3      | Voluntarily entered the Abyss.
   893 | Abyss:1  | Reached skill level 15 in Fighting
   893 | Abyss:1  | Reached XP level 7. HP: 83/83 MP: 6/6
   904 | Abyss:1  | Noticed a daeva
  1012 | Abyss:1  | Noticed a neqoxec
  1016 | Abyss:1  | Noticed a lich
  1026 | Abyss:1  | Gained mutation: You expend magic power (3 MP) to
                  | strengthen your wands. [a neqoxec]
  1027 | Abyss:1  | Killed a neqoxec
  1028 | Abyss:1  | Reached XP level 8. HP: 91/91 MP: 7/7
  1038 | Abyss:1  | Killed a lich
  1039 | Abyss:1  | Reached skill level 5 in Armour
  1039 | Abyss:1  | Reached XP level 9. HP: 44/99 MP: 8/8
  1048 | D:3      | Escaped the Abyss
  1513 | D:4      | Noticed Edmund
  1534 | D:4      | Killed Edmund
  1811 | D:5      | Entered Level 5 of the Dungeon
  1831 | D:5      | Noticed Pikel
  1856 | D:5      | Killed Pikel
  2157 | D:5      | Identified the +5 pair of gloves of the Orcish Mines {rC+
                  | Str+3}
  2286 | D:5      | Reached *** piety under Trog
  2319 | D:5      | Upgraded the game from 0.30-a0-878-gc727b3d3d6 to
                  | 0.30-a0-879-ga8ba668304
  2639 | D:5      | Found a runed translucent door.
  2640 | D:5      | Noticed Crazy Yiuf
  2748 | D:5      | Killed Crazy Yiuf
  3044 | D:6      | Reached XP level 10. HP: 95/107 MP: 9/9
  3275 | D:7      | Found a basalt altar of Yredelemnul.
  3278 | D:7      | Reached skill level 1 in Staves
  3497 | D:7      | Reached **** piety under Trog
  3499 | D:7      | Found Jestrah's Antique Armour Shop.
  3680 | D:7      | Found a staircase to the Ecumenical Temple.
  3740 | Temple   | Entered the Ecumenical Temple
  3771 | D:8      | Noticed Joseph
  3786 | D:8      | Killed Joseph
  3893 | D:8      | Found an iron altar of Okawaru.
  3893 | D:8      | Found a shadowy altar of Dithmenos.
  3897 | D:8      | Reached skill level 1 in Stealth
  3905 | D:8      | Reached skill level 16 in Fighting
  3946 | D:8      | Identified the +8 mace of Izaebb {flame, Drain rElec Str+2
                  | Dex+2}
  4167 | D:8      | Found a white marble altar of Elyvilon.
  4266 | D:8      | Found a shimmering altar of Xom.
  4331 | D:8      | Found a burning altar of Makhleb.
  4793 | D:9      | Reached skill level 5 in Staves
  4839 | D:9      | Found an ancient bone altar of Kikubaaqudgha.
  4951 | D:9      | Reached XP level 11. HP: 51/105 MP: 8/10
  5006 | D:9      | Slain by a vampire

Illustrated notes

Levels and vault maps discovered:
D:1:      matt_arrival_grand_opening, layout_basic
D:2:      minmay_general_purpose_star, layout_rooms, serial_shops,
          nicolae_shop_statue_plus
D:3:      layout_basic, nemelex_diamond_rough_becter,
          shapermc_ecumenical_altar_flowoftime, gammafunk_ghost_abyssal_escape,
          uniq_terence, uniq_grinder
D:4:      layout_rooms, kennysheep_generic_room_11, uniq_edmund
D:5:      kennysheep_big_flooded_room, layout_basic, uniq_pikel,
          uniq_crazy_yiuf_cottage
D:6:      layout_loops_ring, serial_rivers, chequers_serial_rivers_small_b,
          chequers_serial_rivers_micro_e, chequers_serial_rivers_micro_c,
          chequers_serial_rivers_micro_a, chequers_serial_rivers_micro_c,
          chequers_serial_rivers_micro_e, lemuel_flamethrower_2
D:7:      layout_basic, mainiacjoe_overflow_24_doors,
          minmay_temple_entry_arrows, serial_shops, shop
D:8:      layout_cave_pods, makhleb_blood_cavern_becter, elyvilon_altar_3,
          mainiacjoe_overflow_catwalk, grunt_temple_overflow_open, uniq_joseph
D:9:      layout_basic, nicolae_qazlal_general_emergency,
          mainiacjoe_overflow_concentric_impassable
Temple:   minmay_freezing_vapour_temple

Skill      XL: |  1  2  3  4  5  6  7  8  9 10 |
---------------+-------------------------------+-----
Fighting       | 4 5 15 16 | 16.1
Axes           | 4 5 6 8 9 |  9.6
Armour         | 3 4 5 6 7 |  7.8
Dodging        | 3 4 |  4.6
Staves         | 6 |  6.6
Stealth        | 2 |  2.0

Action                     |  1- 3 |  4- 6 |  7- 9 | 10-12 || total
---------------------------+-------+-------+-------+-------++-------
  Melee: Hand axe          |    46 |    38 |   153 |       ||   237
         Headbutt          |     9 |     6 |    30 |    25 ||    70
         Quarterstaff      |       |       |    27 |   140 ||   167
 Invoke: Berserk           |     3 |       |     4 |     4 ||    11
         Trog's Hand       |       |       |     1 |     1 ||     2
  Evoke: Wand              |       |       |     1 |     2 ||     3
    Use: Scroll            |     2 |     2 |     5 |     3 ||    12
         Potion            |       |     1 |     1 |     1 ||     3
   Stab: Paralysed         |       |       |       |     7 ||     7
 Armour: Chain mail        |    16 |    24 |    77 |   126 ||   243
  Dodge: Dodged            |    14 |    13 |    66 |   107 ||   200

Table legend: (Time is in decaauts)
 A = Elapsed time spent in this place.
 B = Non-inter-level travel time spent in this place.
 C = Inter-level travel time spent in this place.
 D = Time resting spent in this place.
 E = Time spent auto-exploring this place.
 F = Levels seen in this place.
 G = Mean time per level.
                   A        B        C        D        E       F      G
               +--------+--------+--------+--------+--------+-----+--------+
         Total |   5086 |   5012 |     74 |    306 |    212 |  11 |  462.4 |
       Dungeon |   4871 |   4797 |     74 |    201 |    212 |   9 |  541.2 |
        Temple |     15 |     15 |      0 |      0 |      0 |   1 |   15.0 |
         Abyss |    199 |    199 |      0 |    105 |      0 |   1 |  199.0 |
               +--------+--------+--------+--------+--------+-----+--------+

Top non-repeatable levels by time:
     D:5: 1072 daAuts
     D:8: 967 daAuts
     D:3: 557 daAuts
     D:7: 528 daAuts
     D:4: 426 daAuts
     D:1: 369 daAuts
     D:6: 365 daAuts
     D:9: 297 daAuts
     D:2: 286 daAuts
 Abyss:1: 199 daAuts
  Temple: 15 daAuts
